 Dungeon Crawl Stone Soup version 0.29-a0-561-ga02bf68b3c (webtiles) character file.

Game seed: 2596607574055037237

1864 KristoblXynda the Sneak (level 9, -5/117 HPs)
             Began as a Naga Berserker on June 11, 2022.
             Was a Priest of Trog.
             Slain by a two-headed ogre
             ... wielding a +0 giant club
              (8 damage)
             ... on level 6 of the Dungeon.
             The game lasted 00:06:46 (7717 turns).

KristoblXynda the Sneak (Naga Berserker)            Turns: 7717, Time: 00:06:47

Health: -5/117     AC: 11    Str: 28    XL:     9   Next: 13%
Magic:  9/9        EV: 14    Int: 10    God:    Trog [***...]
Gold:   211        SH:  0    Dex: 10    Spells: 8/8 levels left

rFire   . . .      SeeInvis +   b - +0 war axe
rCold   . . .      Faith    .   (no shield)
rNeg    . . .      Spirit   .   x - +0 ring mail
rPois   +          Reflect  .   (no helmet)
rElec   .          Harm     .   n - +1 cloak of Starlight {*Dazzle EV+4 Stlth--}
rCorr   .          Rampage  .   r - +1 pair of gloves
Will    ++...                   (no barding)
Stlth   ..........              (no amulet)
HPRegen 0.29/turn               j - +6 ring of strength
MPRegen 0.11/turn               u - ring of willpower

@: berserking, quick
A: AC +3, large, see invisible, deformed body, poison resistance, slowness 2,
spit poison 1, naga tail 1
a: Spit Poison, Renounce Religion, Berserk, Trog's Hand


You were on level 6 of the Dungeon.
You worshipped Trog.
Trog was most pleased with you.
You visited 2 branches of the dungeon, and saw 7 of its levels.

You collected 211 gold pieces.

Inventory:

Hand Weapons
 b - a +0 war axe (weapon)
 g - a +2 vampiric demon blade
Armour
 n - the +1 cloak of Starlight (worn) {*Dazzle EV+4 Stlth--}
   (You found it on level 3 of the Dungeon)

   It may blind those who miss an attack against the wearer in melee combat.
   EV:        It affects your evasion (+4).
   Stlth:     It makes you much less stealthy.
 r - a +1 pair of gloves (worn)
 x - a +0 ring mail (worn)
Jewellery
 j - a +6 ring of strength (left hand)
 o - a ring of ice
 u - a ring of willpower (right hand)
Scrolls
 f - a scroll of magic mapping {unknown}
 i - 2 scrolls of enchant armour
 k - a scroll of fear {unknown}
 l - a scroll of poison {unknown}
 t - a scroll of enchant weapon {unknown}
Potions
 a - a potion of brilliance {unknown}
 c - 5 potions of curing
 d - a potion of cancellation
 e - a potion of haste
 h - 3 potions of heal wounds
 m - a potion of degeneration {unknown}
 p - a potion of lignification {unknown}
 q - 2 potions of attraction
 s - a potion of mutation {unknown}
 v - a potion of might
 w - a potion of flight {unknown}


   Skills:
 - Level 4.1 Fighting
 * Level 4.3 Long Blades
 - Level 5.3 Axes
 + Level 4.8 Armour
 + Level 4.8 Dodging
 + Level 7.0 Stealth


You had 8 spell levels left.
You didn't know any spells.
Your spell library contained the following spells:

 Spells                   Type           Power      Damage    Failure   Level
 Ignite Poison            Fire/Tmut/Pois 0%         N/A       85%         3
 Mephitic Cloud           Conj/Pois/Air  0%         N/A       85%         3
 Hailstorm                Conj/Ice       0%         3d3       99%         4
 Ice Form                 Ice/Tmut       0%         N/A       99%         4
 Freezing Cloud           Conj/Ice/Air   0%         6-21      100%        5
 Dispersal                Tloc           0%         N/A       100%        6
 Simulacrum               Ice/Necr       0%         N/A       100%        6
 Disjunction              Tloc           0%         N/A       100%        8


Dungeon Overview and Level Annotations

Branches:
Dungeon (6/15)             Temple (1/1) D:4

Altars:
Dithmenos
Fedhas
Hepliaklqana
Makhleb
Nemelex Xobeh
Okawaru
Qazlal
Sif Muna
Trog
Uskayaw
Wu Jian
Xom
Yredelemnul
The Shining One
Lugonu

Shops:
D:4 (   D:5 *


Innate Abilities, Weirdness & Mutations

Your serpentine skin is tough. (AC +3)
You have supernaturally acute eyesight. (SInv)
Armour fits poorly on your strangely shaped body.
Your system is resistant to poisons. (rPois)
You cover ground very slowly.
You can spit poison.
You have a snake-like lower body.


Message History

The two-headed ogre hits you with a +0 giant club!
The phantom barely misses you.
You barely miss the two-headed ogre.
The two-headed ogre is lightly wounded.
You hit the phantom.
The two-headed ogre hits you with a +0 giant club!
The two-headed ogre hits you with a +0 giant club.
The phantom barely misses you.
A red film seems to cover your vision as you go berserk!
You feel yourself moving faster!
You feel mighty! The white imp barely misses you. The phantom hits you.
The two-headed ogre hits you with a +0 giant club!!
The two-headed ogre hits you with a +0 giant club!
* * * LOW HITPOINT WARNING * * *
You slash the two-headed ogre!
The two-headed ogre is moderately wounded.
You slash the white imp!
You kill the white imp!
Trog accepts your kill.
You closely miss the phantom.
The phantom hits you but does no damage.
You slice the two-headed ogre!!
The two-headed ogre is heavily wounded.
You hit the phantom.
The two-headed ogre hits you with a +0 giant club.
* * * LOW HITPOINT WARNING * * *
The two-headed ogre misses you.
The phantom hits you but does no damage.
You hit the two-headed ogre.
The two-headed ogre is severely wounded.
You closely miss the phantom. The phantom hits you.
* * * LOW HITPOINT WARNING * * *
Unknown command.
You slash the two-headed ogre!
The two-headed ogre is severely wounded.
You hit the phantom.
The two-headed ogre hits you with a +0 giant club!!
* * * LOW HITPOINT WARNING * * *
The two-headed ogre hits you with a +0 giant club!
You die...

.###### .$.#...## .... ..
.....(..## ..... ...
.........# ..... ....
.........# #.....
####...........WO.##$!.=.
................@##...5#
............#.....$.#
)...........<####...#####.
)...####.#................
)...# ##....####.......>..
#..## #..##....../#.......
..## #...........##......
.### #.#.........# ##....
...####.##........# ##..


You could see a two-headed ogre and a phantom.

Vanquished Creatures
  Grinder (D:4)
  A water moccasin (D:4)
  2 orc warriors
  2 ice beasts (D:5)
  An ogre (D:6)
  A centaur (D:6)
  2 phantoms
  Blork the orc (D:4)
  A scorpion (D:5)
  A necrophage (D:4)
  A jelly (D:5)
  4 hounds
  2 orc priests
  3 iguanas
  8 orc wizards
  9 gnolls
  5 adders
  A white imp (D:6)
  3 dart slugs
  16 orcs
  10 endoplasms
  5 giant cockroaches
  4 goblins
  3 hobgoblins
  3 jackals (D:3)
  3 quokkas
  4 ball pythons
  4 bats
  2 frilled lizards
  5 kobolds
  5 rats
113 creatures vanquished.

Notes
Turn   | Place    | Note
-------+----------+-------------------------------------------
     0 | D:1      | KristoblXynda the Naga Berserker began the quest for the
                  | Orb.
     0 | D:1      | Reached XP level 1. HP: 21/21 MP: 1/1
   124 | D:1      | Found a faded altar of an unknown god.
   335 | D:1      | Reached XP level 2. HP: 26/28 MP: 2/2
  1050 | D:1      | Reached XP level 3. HP: 34/34 MP: 3/3
  1619 | D:2      | Reached XP level 4. HP: 15/42 MP: 4/4
  2632 | D:3      | Found the +1 cloak of Starlight {*Dazzle EV+4 Stlth--}
  2903 | D:3      | Reached ** piety under Trog
  2908 | D:3      | Found an ornate altar of the Wu Jian Council.
  3031 | D:3      | Reached XP level 5. HP: 50/50 MP: 5/5
  3347 | D:3      | Found a bloodstained altar of Trog.
  3959 | D:4      | Noticed an orc warrior
  3974 | D:4      | Killed an orc warrior
  3975 | D:4      | Reached XP level 6. HP: 48/57 MP: 6/6
  4616 | D:4      | Reached skill level 1 in Stealth
  4691 | D:4      | Noticed a water moccasin
  4703 | D:4      | Killed a water moccasin
  4704 | D:4      | Reached skill level 2 in Stealth
  4704 | D:4      | Reached XP level 7. HP: 64/64 MP: 7/7
  4812 | D:4      | Found a staircase to the Ecumenical Temple.
  4831 | Temple   | Entered the Ecumenical Temple
  4890 | D:4      | Noticed Blork the orc
  4905 | D:4      | Killed Blork the orc
  4906 | D:4      | Reached skill level 3 in Stealth
  4982 | D:4      | Found a stormy altar of Qazlal.
  5113 | D:4      | Found a blossoming altar of Fedhas.
  5181 | D:4      | Noticed Grinder
  5196 | D:4      | Killed Grinder
  5197 | D:4      | Reached skill level 5 in Axes
  5197 | D:4      | Reached skill level 4 in Stealth
  5335 | D:4      | Found Ivuh's Antique Weapon Shoppe.
  5379 | D:4      | Found a glowing golden altar of the Shining One.
  5506 | D:4      | Found a sparkling altar of Nemelex Xobeh.
  5534 | D:5      | Entered Level 5 of the Dungeon
  5625 | D:5      | Reached XP level 8. HP: 63/72 MP: 8/8
  5904 | D:5      | Reached skill level 5 in Stealth
  5923 | D:5      | Reached skill level 1 in Long Blades
  6069 | D:5      | Found Jyody's Gadget Gallery.
  6490 | D:5      | Reached skill level 6 in Stealth
  7165 | D:6      | Reached XP level 9. HP: 46/78 MP: 9/9
  7549 | D:6      | Found a shadowy altar of Dithmenos.
  7604 | D:6      | Reached *** piety under Trog
  7611 | D:6      | Reached skill level 7 in Stealth
  7709 | D:6      | Noticed a two-headed ogre
  7717 | D:6      | HP: 3/117 [two-headed ogre/+0 giant club (19)]
  7717 | D:6      | Slain by a two-headed ogre

Illustrated notes

Levels and vault maps discovered:
D:1:      dpeg_arrival_arbitrary_c, layout_loops_cross,
          hellmonk_ecumenical_altar_arch_garden, st_stairs_7
D:2:      layout_basic, minmay_misc_feat_rugged, minmay_misc_feat_nine_boxes
D:3:      layout_basic, mainiacjoe_overflow_surrounded_room,
          nicolae_wu_jian_wuxing_cycle
D:4:      layout_cave_pools, fedhas_ov_isle_minmay,
          nicolae_qazlal_scattered_showers, mainiacjoe_overflow_swirl,
          minmay_temple_entry_grid, serial_shops,
          nicolae_shop_competitors_out_of_business, guppyfry_early_orc_mine,
          uniq_blork_the_orc, uniq_grinder
D:5:      layout_layer_cave, nicolae_shop_gadgets
D:6:      layout_rooms, nicolae_dithmenos_through_a_glass_darkly,
          dk_rats_in_the_wall
Temple:   corrupted_temple

Skill      XL: |  1  2  3  4  5  6  7  8  9 |
---------------+----------------------------+-----
Dodging        | 2 3 4 |  4.8
Armour         | 2 3 4 |  4.8
Fighting       | 4 |  4.1
Axes           | 4 5 |  5.3
Stealth        | 2 4 6 7 |  7.0
Long Blades    | 3 4 |  4.3

Action                   |  1- 3 |  4- 6 |  7- 9 || total
-------------------------+-------+-------+-------++-------
Melee: Hand axe          |    66 |   142 |    16 ||   224
       Punch             |     1 |       |     3 ||     4
       War axe           |       |       |   186 ||   186
Invok: Berserk           |     2 |     3 |     6 ||    11
 Abil: Spit Poison       |     2 |     4 |     1 ||     7
  Use: Scroll            |       |       |     6 ||     6
 Stab: Invisible         |       |     9 |     7 ||    16
Armor: Animal skin       |     5 |    32 |     3 ||    40
       Leather armour    |       |       |    40 ||    40
       Ring mail         |       |       |    29 ||    29
Dodge: Dodged            |    31 |   119 |   165 ||   315

Table legend: (Time is in decaauts)
 A = Elapsed time spent in this place.
 B = Non-inter-level travel time spent in this place.
 C = Inter-level travel time spent in this place.
 D = Time resting spent in this place.
 E = Time spent auto-exploring this place.
 F = Levels seen in this place.
 G = Mean time per level.
                   A        B        C        D        E       F      G
               +--------+--------+--------+--------+--------+-----+--------+
         Total |   9293 |   9057 |    236 |   2472 |   5447 |   7 | 1327.6 |
       Dungeon |   9231 |   9010 |    221 |   2472 |   5414 |   6 | 1538.5 |
        Temple |     61 |     46 |     15 |      0 |     33 |   1 |   61.0 |
               +--------+--------+--------+--------+--------+-----+--------+

Top non-repeatable levels by time:
     D:5: 2009 daAuts
     D:4: 1967 daAuts
     D:3: 1733 daAuts
     D:1: 1714 daAuts
     D:2: 1372 daAuts
     D:6: 435 daAuts
  Temple: 61 daAuts
